 Dungeon Crawl Stone Soup version 0.19.1-1-g22dce08 (webtiles) character file.

1712 Patate the Covert (level 8, -1/36 HPs)
             Began as a Spriggan Enchanter on Jan 5, 2017.
             Was a Follower of Dithmenos.
             Killed from afar by a white imp (6 damage)
             ... with a puff of frost
             ... on level 7 of the Dungeon on Jan 8, 2017.
             The game lasted 00:32:49 (8971 turns).

Patate the Covert (Spriggan Enchanter)              Turns: 8971, Time: 00:32:50

Health: -1/36      AC:  7    Str:  6    XL:     8   Next: 74%
Magic:  3/13       EV: 25    Int: 17    God:    Dithmenos [*.....]
Gold:   271        SH:  0    Dex: 16    Spells: 3 memorised, 6 levels left

rFire  . . .     SeeInvis +     a - +1 dagger
rCold  . . .     Gourm    .     b - +1 robe
rNeg   + . .     Faith    .     (shield restricted)
rPois  .         Spirit   .     u - +1 hat
rElec  .         Reflect  .     A - +0 cloak
rCorr  .         Harm     .     (gloves unavailable)
MR     +....                    (boots unavailable)
Stlth  +++++.....               (no amulet)
                                j - +2 ring of protection
                                h - ring of positive energy

@: wreathed by umbra, very quick
A: unfitting armour, see invisible, herbivore 3, speed 3, slow metabolism 2
a: Renounce Religion


You were on level 7 of the Dungeon.
You worshipped Dithmenos.
Dithmenos was aware of your devotion.
You were very hungry.

You visited 2 branches of the dungeon, and saw 8 of its levels.

You collected 403 gold pieces.
You spent 132 gold pieces at shops.

Inventory:

Hand Weapons
 a - a +1 dagger (weapon)
Armour
 b - a +1 robe (worn)
 u - a +1 hat (worn)
 A - a +0 cloak (worn)
Jewellery
 h - a ring of positive energy (left hand)
 j - a +2 ring of protection (right hand)
Wands
 v - a wand of disintegration (5/24)
Scrolls
 i - a scroll of blinking {unknown}
 k - 2 scrolls of identify
 l - 3 scrolls of recharging {unknown}
 n - 5 scrolls of magic mapping {unknown}
 r - a scroll of remove curse
 x - 2 scrolls of fog {unknown}
 y - a scroll of immolation {unknown}
 z - a scroll of enchant weapon {unknown}
 B - a scroll of teleportation
Potions
 e - a potion of invisibility
 f - 2 potions of curing
 g - 2 potions of flight
 m - 3 potions of heal wounds
 p - a potion of haste
 q - 2 potions of agility
 s - a potion of resistance
 t - 2 potions of brilliance
Books
 c - a book of Maledictions

   Spells                             Type                      Level
   a - Corona                         Hexes                        1
   b - Ensorcelled Hibernation        Hexes/Ice                    2
   c - Confuse                        Hexes                        3
   d - Tukima's Dance                 Hexes                        3
   e - Dazzling Spray                 Conjuration/Hexes            3
 o - a book of Changes

   Spells                             Type                      Level
   a - Beastly Appendage              Transmutation                1
   b - Sticks to Snakes               Transmutation                2
   c - Spider Form                    Transmutation/Poison         3
   d - Ice Form                       Ice/Transmutation            4
   e - Blade Hands                    Transmutation                5
Comestibles
 d - 6 bread rations
 w - a slice of pizza


   Skills:
 + Level 8.4 Short Blades
 - Level 9.3 Dodging
 - Level 9.4 Stealth
 - Level 2.6 Spellcasting
 - Level 3.6 Hexes


You had 6 spell levels left.
You knew the following spells:

 Your Spells              Type           Power        Failure   Level  Hunger
a - Corona                Hex            ##.....      4%          1    #......
b - Ensorcelled Hibernat  Hex/Ice        #.....       17%         2    ##.....
c - Confuse               Hex            ##......     14%         3    ###....


Dungeon Overview and Level Annotations

Branches:
Dungeon (7/15)             Temple (1/1) D:4

Altars:
Ashenzari
Dithmenos
Elyvilon
Fedhas
Gozag
Hepliaklqana
Kikubaaqudgha
Makhleb
Nemelex Xobeh
Okawaru
Qazlal
Ru
Sif Muna
Uskayaw
Vehumet
Xom
Yredelemnul
Zin
The Shining One

Shops:
D:4 ([}}*   D:5 [

Annotations:
D:5 chapeau


Innate Abilities, Weirdness & Mutations

You are very small and have problems with some larger weapons.
You are too small for most types of armour.
You have supernaturally acute eyesight. (SInv)
You are a herbivore.
You cover ground extremely quickly.
You need consume almost no food.


Message History

Casting: Ensorcelled Hibernation
Confirm with . or Enter, or press ? or * to list all spells.
You don't know that spell.
You barely miss the white imp.
The white imp is heavily wounded.
The white imp hits you but does no damage.
Casting: Ensorcelled Hibernation
Confirm with . or Enter, or press ? or * to list all spells.
Aiming: Confuse
Press: ? - help, Shift-Dir - straight line, f - white imp
Aim: a white imp (heavily wounded, umbra, chance to defeat MR: 53%)
The white imp resists with significant effort.
The white imp gestures at you. The puff of frost hits you!
* * * LOW HITPOINT WARNING * * *
You hit the white imp but do no damage.
The white imp is heavily wounded.
The white imp gestures at you. The puff of frost hits you!
You die...

.#((#.......#..# #.#
.(......_......# #.#
.##.#.......#..####.#
##..#.......#.......#
#..5##.....##.##.####
....####.####.##.#
#.............##.#
#.......########.#
#.####### #@#
#.##############5#
#.##.............#
#.##.##.##.##.####
#<......##.##.#
####.##.##.##.#
#.##....##.#
#.##.......#
#.......####


You could see a white imp.

Vanquished Creatures
  A spriggan (D:7)
  Eustachio (D:4)
  A black bear (D:6)
  An ice beast (D:7)
  3 centaurs
  An ogre (D:4)
  A big kobold (D:7)
  2 bullfrogs
  A scorpion (D:4)
  4 crimson imps
  2 hounds
  A jelly (D:5)
  An orc priest (D:3)
  Crazy Yiuf (D:6)
  4 iguanas
  An orc wizard (D:3)
  2 worker ants (D:6)
  A gnoll (D:1)
  7 adders
  A shadow imp (D:5)
  A white imp (D:7)
  2 adder skeletons
  2 worms
  4 dart slugs (D:3)
  4 leopard geckos
  12 orcs
  5 giant cockroaches
  12 hobgoblins
  5 jackals
  15 kobolds
  A quokka (D:7)
  3 ball pythons
  2 bats
  3 frilled lizards
  8 goblins
  A leopard gecko skeleton (D:6)
  A quokka skeleton (D:6)
  12 rats
130 creatures vanquished.

Vanquished Creatures (others)
  A quokka (D:3)
1 creature vanquished.

Grand Total: 131 creatures vanquished

Notes
Turn   | Place    | Note
-------+----------+-------------------------------------------
     0 | D:1      | Patate the Spriggan Enchanter began the quest for the Orb.
     0 | D:1      | Reached XP level 1. HP: 9/9 MP: 5/5
   524 | D:1      | Reached XP level 2. HP: 7/13 MP: 6/6
   538 | D:1      | Learned a level 2 spell: Ensorcelled Hibernation
   786 | D:1      | Reached skill level 5 in Stealth
  1329 | D:1      | Reached XP level 3. HP: 15/16 MP: 8/8
  1360 | D:1      | Learned a level 3 spell: Confuse
  1641 | D:2      | Reached XP level 4. HP: 19/21 MP: 6/9
  2970 | D:3      | Reached skill level 5 in Dodging
  2970 | D:3      | Reached XP level 5. HP: 10/24 MP: 7/10
  3256 | D:3      | Found a white marble altar of Elyvilon.
  3635 | D:3      | Found a stormy altar of Qazlal.
  3767 | D:3      | Found a sacrificial altar of Ru.
  3836 | D:3      | Found a glowing silver altar of Zin.
  4583 | D:4      | Found a staircase to the Ecumenical Temple.
  4603 | D:4      | Reached XP level 6. HP: 28/28 MP: 11/11
  4693 | Temple   | Entered the Ecumenical Temple
  4704 | Temple   | Became a worshipper of Dithmenos the Shadowed
  5255 | D:4      | Found a hazy altar of Hepliaklqana.
  5289 | D:4      | Found Rayl's General Store.
  5304 | D:4      | Found Hunaoph's Gadget Boutique.
  5366 | D:4      | Noticed Eustachio
  5374 | D:4      | Killed Eustachio
  5374 | D:4      | Reached XP level 7. HP: 32/32 MP: 1/12
  5434 | D:4      | Found Ympoluc's Gadget Shop.
  5450 | D:4      | Found Waohu's Armour Shoppe.
  5454 | D:4      | Bought a +1 hat for 132 gold pieces
  5543 | D:4      | Found a hide-covered altar of Uskayaw.
  5595 | D:4      | Found Ciriss's Antique Weapon Shop.
  5686 | D:5      | Entered Level 5 of the Dungeon
  5814 | D:5      | Found Adghausch's Antique Armour Emporium.
  5867 | D:5      | Found a radiant altar of Vehumet.
  6072 | D:5      | Reached skill level 5 in Short Blades
  6651 | D:6      | Found a burning altar of Makhleb.
  6960 | D:6      | Reached XP level 8. HP: 31/36 MP: 8/13
  7117 | D:6      | Found a runed door.
  7135 | D:6      | Found a white marble altar of Elyvilon.
  7829 | D:6      | Noticed Crazy Yiuf
  7833 | D:6      | Killed Crazy Yiuf
  7899 | D:7      | Found a blossoming altar of Fedhas.
  7960 | D:7      | Found an iron altar of Okawaru.
  7995 | D:7      | Found a sparkling altar of Nemelex Xobeh.
  8365 | D:7      | Found a flagged portal.
  8470 | D:7      | Reached * piety under Dithmenos
  8971 | D:7      | Killed from afar by a white imp

Skill      XL: |  1  2  3  4  5  6  7  8 |
---------------+-------------------------+-----
Stealth        | 5 6 8 9 |  9.4
Dodging        | 4 5 6 7 9 |  9.3
Short Blades   | 2 3 4 6 8 |  8.4
Spellcasting   | |  2.6
Hexes          | |  3.6

Action                   |  1- 3 |  4- 6 |  7- 9 || total
-------------------------+-------+-------+-------++-------
Melee: Dagger            |   148 |   290 |   373 ||   811
 Cast: Corona            |     1 |       |     1 ||     2
       Ensorcelled Hiber |    11 |    41 |    26 ||    78
       Confuse           |       |     1 |     9 ||    10
  Use: Potion            |     3 |     1 |       ||     4
       Scroll            |     2 |     6 |     2 ||    10
 Stab: Sleeping          |     9 |    29 |    20 ||    58
       Distracted        |       |     1 |     1 ||     2
       Confused          |       |       |     3 ||     3
  Eat: Bread ration      |       |     1 |     1 ||     2
Armor: Robe              |    12 |    17 |    30 ||    59
Dodge: Dodged            |   124 |   189 |   239 ||   552
